Map: Lightshade LE

Players

A.I. 1 (Very Easy) - Winner!

  • Race: Protoss Protoss
  • Spawn Location: 5:00

Duke

  • Race: Zerg Zerg
  • League: Diamond
  • Spawn Location: 11:00

VOD

Have the link to the VOD?

Description

Time

  • Played on: Feb. 1, 2021, 4:05 p.m.
  • Length: 6:52
Show
View Real Time Build Order
Export as new Build Order

A.I. 1 (Very Easy) Protoss - Winner!

Build Orders:  

Get SALT Encoding   

  12  0:00  Probe  
  13  0:13  Probe  
  14  0:20  Pylon  
  14  0:36  Assimilator  
  14  0:43  Gateway  
  14  0:46  Pylon  
  14  1:14  Assimilator  
  14  1:24  Probe  
  14  1:30  Zealot  
  14  1:32  Probe  
  17  1:34  Cybernetics Core  
  18  1:40  Probe  
  19  1:51  Probe  
  20  2:00  Probe  
  21  2:08  Probe  
  21  2:10  Warp Gate  
  21  2:12  Zealot  
  21  2:22  Probe  
  18  2:35  Probe  
  15  2:41  Zealot  
  15  2:47  Probe  
  16  2:59  Probe  
  17  3:07  Probe  
  18  3:15  Probe  
  19  3:25  Probe  
  20  3:37  Probe  
  21  3:49  Probe  
  21  3:53  Pylon  
  22  3:58  Stalker  
  22  4:01  Probe  
  25  4:10  Probe  
Show
View Real Time Build Order
Export as new Build Order

Duke Zerg 

Build Orders: Pool First, Roach Nydus 

Get SALT Encoding   

  12  0:00  Drone  
  13  0:08  Drone  
  14  0:25  Spawning Pool  
  13  0:29  Drone  
  14  0:37  Extractor  
  14  0:38  Drone  
  14  0:40  Extractor  
  14  0:41  Drone  
  16  0:46  Overlord  
  16  1:12  Queen  
  16  1:13  Zergling x6  
  21  1:24  Zergling x2  
  22  1:33  Hatchery  
  22  1:37  Zergling x2  
  22  1:44  Spine Crawler  
  21  1:54  Extractor  
  21  1:56  Queen  
  22  2:04  Overlord  
  21  2:21  Drone  
  22  2:23  Drone x2  
  22  2:24  Drone x2  
  22  2:28  Drone  
  25  2:41  Queen  
  25  2:45  Drone  
  26  2:52  Spine Crawler  
  26  2:56  Drone  
  26  2:59  Drone  
  26  3:01  Drone  
  26  3:04  Drone  
  29  3:11  Drone x2  
  31  3:20  Lair  
  31  3:25  Drone  
  31  3:26  Drone  
  33  3:28  Drone  
  33  3:29  Drone  
  33  3:32  Drone  
  36  3:35  Extractor  
  36  3:37  Extractor  
  36  3:39  Overlord  
  34  3:46  Roach Warren  
  33  3:50  Evolution Chamber  
  33  3:52  Drone  
  33  3:54  Drone  
  34  3:56  Drone  
  34  4:01  Drone x2  
  38  4:02  Drone  
  38  4:05  Drone  
  38  4:07  Drone  
  40  4:12  Drone x2  
  42  4:20  Nydus Network  
  42  4:22  Drone  
  42  4:25  Glial Reconstitution  
  42  4:30  Overlord  
  42  4:35  Overlord  
  42  4:36  Roach  
  44  4:48  Roach x4  
  44  4:49  Overlord  
  52  4:56  Overlord  
  52  4:58  Nydus Canal  
  52  4:59  Overlord  
  52  5:02  Extractor  
  52  5:03  Drone  
  52  5:04  Drone  
  52  5:05  Drone  
  54  5:09  Overlord  
  54  5:13  Nydus Canal  
  54  5:15  Roach  
  54  5:18  Roach  
  58  5:23  Roach  
  58  5:25  Queen  
  64  5:28  Roach  
  64  5:31  Roach  
  64  5:34  Roach  
  68  5:36  Roach  
  68  5:39  Roach  
  68  5:42  Roach  
  74  5:46  Roach  
  74  5:49  Roach  
  78  5:52  Queen  
  78  5:55  Roach  
  82  5:59  Overlord  
  82  6:02  Roach  
  82  6:04  Roach  
  86  6:05  Roach  
  86  6:09  Overlord  
  90  6:11  Roach  
  90  6:14  Nydus Canal  
  90  6:17  Roach  
  92  6:21  Roach  
  94  6:28  Roach  
  94  6:31  Roach x2  
  94  6:32  Roach  
  102  6:33  Overlord  
Tags
 
League
Diamond
Matchup
PvZ
Opening
Pool First
Spawn Locations
Cross Positions
Strategy
Roach Nydus
Add a new tag
Caveats
  • Supply blocks, unpowered buildings, or Contaminate may cause inaccurate times.
  • Supply counts are checked every 10 seconds.